 Dungeon Sprint DCSS version 0.17.0-24-gcfadda4 (webtiles) character file.

13817 Niddhoggr the Fencer (level 11, 0/114 HPs)
             Began as a Minotaur Berserker on Nov 17, 2015.
             Was a High Priest of Trog.
             Slain by a spriggan rider
             ... wielding a +0 spear
              (13 damage)
             ... in the Dungeon (Sprint V: "Ziggurat Sprint").
             The game lasted 00:17:37 (1059 turns).

Niddhoggr the Fencer (Minotaur Berserker)           Turns: 1059, Time: 00:17:42

Health: 0/114      AC: 29    Str: 29    XL:     11   Next: 80%
Magic:  11/11      EV:  5    Int:  6    God:    Trog [*****.]
Gold:   0          SH: 33    Dex: 20    Spells: 0 memorised, 12 levels left

rFire  . . .     SeeInvis .     K - +7 Screaming Sword
rCold  . . .     Clarity  .     L - +15 Maxwell's patent armour {-Cast -Tele rElec MR+ rCorr}
rNeg   + . .     SustAt   .     I - +18 shield of the gong {rElec rN+ MR+ EV-5}
rPois  .         Gourm    .     (helmet restricted)
rElec  +         Spirit   .     (no cloak)
rCorr  +         Warding  .     (no gloves)
rMut   .         NoTele   +     (no boots)
MR     ++...     NoCast   +     (no amulet)
Stlth  ..........               b - ring of Igist {-Tele Str+6 Dex+4 Stlth+}
                                D - +6 ring of dexterity

@: exhausted, grasped by roots, slowed, very slow, very resistant to hostile
enchantments, extremely unstealthy
A: retaliatory headbutt, horns 2
a: Berserk, Trog's Hand, Brothers in Arms, Burn Spellbooks, Renounce Religion


You were in the Dungeon.
You worshipped Trog.
Trog was extremely pleased with you.
You were very full.

You visited 1 branch

Inventory:

Hand Weapons
 K - the +7 Screaming Sword (weapon)
   (You found it in the Dungeon)
Missiles
 Z - 7 javelins of penetration (quivered)
Armour
 I - the +18 shield of the gong (worn) {rElec rN+ MR+ EV-5}
   (You found it in the Dungeon)

   It affects your evasion (-5).
   It insulates you from electricity.
   It protects you from negative energy.
   It affects your resistance to hostile enchantments.
 L - the +15 Maxwell's patent armour (worn) {-Cast -Tele rElec MR+ rCorr}
   (You found it in the Dungeon)

   It insulates you from electricity.
   It affects your resistance to hostile enchantments.
   It prevents spellcasting.
   It prevents most forms of teleportation.
   It protects you from acid and corrosion.
Rods
 s - a +3 rod of the swarm (11/11)
   (You found it in the Dungeon)
 O - a +3 rod of inaccuracy (11/11)
   (You found it in the Dungeon)
Jewellery
 b - the ring of Igist (right hand) {-Tele Str+6 Dex+4 Stlth+}
   (You found it in the Dungeon)

   [ring of dexterity]

   It affects your strength (+6).
   It affects your dexterity (+4).
   It prevents most forms of teleportation.
   It makes you more stealthy.
 h - an uncursed ring of protection from cold
 D - a +6 ring of dexterity (left hand)
 F - a +6 ring of intelligence
 G - a +6 ring of strength
 H - the ring "Qibbokhu" {Dex+2 Stlth-}
   (You found it in the Dungeon)

   [ring of loudness]

   It affects your dexterity (+2).
   It makes you less stealthy.
Wands
 y - a wand of disintegration (7)
 z - a wand of fire (5)
 A - a wand of cold (5)
 B - a wand of draining (5)
Scrolls
 i - 4 scrolls of blinking
 m - 8 scrolls of enchant weapon
 p - 3 scrolls of recharging
 q - 7 scrolls of fog
 r - a scroll of holy word
 t - 5 scrolls of remove curse
 u - 2 scrolls of fear
 x - 4 scrolls of amnesia
 R - 3 scrolls of brand weapon
Potions
 d - 10 potions of curing
 e - 8 potions of heal wounds
 f - 8 potions of haste
 g - 7 potions of magic
 j - 2 potions of brilliance
 k - 2 potions of invisibility
 l - 4 potions of resistance
 n - 5 potions of agility
 o - 5 potions of might
Miscellaneous
 M - a disc of storms
 N - a sack of spiders {used: 1}
 Q - a fan of gales
 X - a legendary deck of wonders {Dowsing}
 Y - an ornate deck of defence
Comestibles
 c - a bread ration
 v - 42 fruits
 w - 4 meat rations


   Skills:
 + Level 16.2 Fighting
 * Level 20.5 Long Blades
   Level 10.8 Axes
   Level 2.3 Staves
 + Level 1.9 Throwing
 + Level 10.9 Armour
 + Level 7.4 Dodging
 - Level 1.5 Stealth
 - Level 14.1 Shields
 + Level 1.9 Unarmed Combat
 + Level 1.0 Spellcasting
 + Level 1.6 Evocations


You had 12 spell levels left.
You didn't know any spells.

Dungeon Overview and Level Annotations

Branches:
Dungeon (1/1)

Altars:
Ashenzari
Cheibriados
Dithmenos
Elyvilon
Fedhas
Gozag
Kikubaaqudgha
Makhleb
Nemelex Xobeh
Okawaru
Qazlal
Ru
Sif Muna
Trog
Vehumet
Xom
Yredelemnul
Zin
The Shining One
Beogh
Jiyva
Lugonu


Innate Abilities, Weirdness & Mutations

You reflexively headbutt those who attack you in melee.
You have a pair of horns on your head.


Message History

Your troll dies!
Your troll's corpse disappears in a puff of smoke!
You block the spriggan rider's attack.
PTOANNNG!
The wasp stings you but does no damage. The shambling mangrove hits you!
Drink which item? (? for menu, Esc to quit)
You can't drink that!
Drink which item? (? for menu, Esc to quit)
You feel much better.
The Screaming Sword shouts, "The pen is mightier than the sword?
Come on, pens, here I am!"
The monsters around you reel from the noise!
The wasp stings you.
You feel as though you will be slow longer.
You block the wasp's attack.
PANG!
The wasp stings you but does no damage. The shambling mangrove hits you.
The apis gores you!!!
* * * LOW HITPOINT WARNING * * *
The spriggan rider hits you with a spear!
You die...

▓.▓.†...▓ ▓........
▓▓▓▓▓▓▓▓▓▓▓▓▓▓▓▓▓▓▓▓▓
▓...8©8...▓...8©8...▓
▓...[[))[.▓..|......▓
▓...}[:|..▓..[):)...▓
▓.........▓.[.......▓
▓..yyy....▓.........▓
▓..f@f....▓.........▓
▓..i)Y)...▓.........▓
▓..▓[(†▓..▓.........▓
▓.▓.....▓.▓.▓)....▓.▓
▓.........▓)))......▓
▓▓▓▓▓▓▓▓▓▓▓▓▓▓▓▓▓▓▓▓▓


You could see an apis (frenzied), 2 shambling mangroves, a spriggan rider and 3
wasps.

Vanquished Creatures
  A thorn hunter (D)
  2 spriggan defenders (D)
  3 spriggan air magi (D)
  4 spriggan berserkers (D)
  2 spriggan druids (D)
  A shambling mangrove (D)
  An ugly thing (D)
  A black mamba (D)
  A spiny frog (D)
  2 blink frogs (shapeshifter) (D)
  3 spriggans (D)
  A yak (D)
  A naga (shapeshifter) (D)
  A swamp drake (shapeshifter) (D)
  3 black bears (D)
  2 porcupines (D)
  2 necrophages (D)
  A crocodile (D)
  4 giant frogs (D)
  A wight (D)
  An orc priest (D)
  2 orc wizards (D)
  A jelly (D)
  An iron imp (D)
  An iguana (D)
  A sheep (D)
  A river rat (D)
  2 oozes (D)
  An adder zombie (D)
  An orc (D)
  A bat skeleton (D)
  2 giant gecko skeletons (D)
  A giant gecko zombie (D)
  A butterfly (D)
54 creatures vanquished.

Vanquished Creatures (collateral kills)
  A spriggan air mage (D)
  A wind drake (D)
  A slime creature (D)
  2 yaks (D)
  A wolf (D)
  A crocodile (D)
  A giant frog (D)
  2 jellies (D)
  2 iguanas (D)
  A sheep (D)
  2 river rats (D)
  An ooze (D)
  A jackal (D)
  A butterfly (D)
18 creatures vanquished.

Grand Total: 72 creatures vanquished

Notes
Turn   | Place    | Note
--------------------------------------------------------------
     0 | D        | Niddhoggr the Minotaur Berserker began the quest for the Orb.
     0 | D        | Reached XP level 1. HP: 19/19 MP: 0/0
     2 | D        | Found a roughly hewn altar of Beogh.
     2 | D        | Found a viscous altar of Jiyva.
     2 | D        | Found a corrupted altar of Lugonu.
     2 | D        | Found a white marble altar of Elyvilon.
     2 | D        | Found a sparkling altar of Nemelex Xobeh.
     3 | D        | Found a burning altar of Makhleb.
     3 | D        | Found an iron altar of Okawaru.
     3 | D        | Found a deep blue altar of Sif Muna.
     3 | D        | Found a radiant altar of Vehumet.
     3 | D        | Found a bloodstained altar of Trog.
     3 | D        | Found a shimmering altar of Xom.
   119 | D        | Reached skill level 4 in Fighting
   119 | D        | Reached skill level 1 in Throwing
   119 | D        | Reached skill level 1 in Stealth
   119 | D        | Reached skill level 1 in Unarmed Combat
   119 | D        | Reached skill level 1 in Spellcasting
   119 | D        | Reached skill level 1 in Evocations
   119 | D        | Reached XP level 2. HP: 24/28 MP: 0/2
   203 | D        | Entered arena 1.
   220 | D        | Entered arena 2.
   220 | D        | Noticed an iron imp
   227 | D        | Killed an iron imp
   227 | D        | Reached skill level 5 in Fighting
   227 | D        | Reached skill level 5 in Axes
   227 | D        | Reached XP level 3. HP: 34/36 MP: 3/3
   235 | D        | Identified the Tome of Unholy Augmentations
   237 | D        | Entered arena 3.
   237 | D        | Noticed a necrophage
   237 | D        | Noticed a necrophage
   237 | D        | Noticed a wight
   242 | D        | Killed a wight
   242 | D        | Reached skill level 6 in Fighting
   242 | D        | Reached XP level 4. HP: 45/45 MP: 4/4
   246 | D        | Killed a necrophage
   246 | D        | Reached skill level 7 in Fighting
   246 | D        | Reached skill level 5 in Armour
   246 | D        | Reached XP level 5. HP: 53/53 MP: 5/5
   249 | D        | Killed a necrophage
   249 | D        | Reached skill level 8 in Fighting
   249 | D        | Reached skill level 5 in Dodging
   264 | D        | Identified the Compendium of Confrontation
   272 | D        | Entered arena 4.
   272 | D        | Noticed an orc wizard
   272 | D        | Noticed an orc wizard
   272 | D        | Noticed an orc priest
   275 | D        | Killed an orc priest
   275 | D        | Reached ** piety under Trog
   275 | D        | Reached XP level 6. HP: 55/62 MP: 6/6
   278 | D        | Killed an orc wizard
   278 | D        | Reached skill level 9 in Fighting
   283 | D        | Killed an orc wizard
   283 | D        | Reached *** piety under Trog
   283 | D        | Reached skill level 5 in Shields
   316 | D        | Entered arena 5.
   316 | D        | Noticed an ogre
   316 | D        | Noticed a red ugly thing
   316 | D        | Noticed a naga
   316 | D        | Noticed a blink frog
   316 | D        | Noticed a blink frog
   318 | D        | Killed a blink frog
   318 | D        | Reached skill level 10 in Fighting
   318 | D        | Reached skill level 5 in Long Blades
   318 | D        | Reached XP level 7. HP: 72/72 MP: 7/7
   321 | D        | Killed a red ugly thing
   321 | D        | Reached skill level 11 in Fighting
   321 | D        | Reached skill level 10 in Axes
   321 | D        | Noticed a wyvern
   321 | D        | an ogre changed into a wyvern
   327 | D        | Killed a naga
   327 | D        | Reached **** piety under Trog
   327 | D        | Reached XP level 8. HP: 82/82 MP: 8/8
   328 | D        | a wyvern changed into a swamp drake
   330 | D        | Killed a blink frog
   381 | D        | Entered arena 6.
   381 | D        | Noticed a yak
   381 | D        | Noticed a wolf
   381 | D        | Noticed an iguana
   381 | D        | Noticed a porcupine
   387 | D        | Killed a porcupine
   387 | D        | Killed an iguana
   389 | D        | Killed a yak
   389 | D        | Reached skill level 12 in Fighting
   395 | D        | Killed a wolf
   395 | D        | Reached ***** piety under Trog
   395 | D        | Reached skill level 10 in Shields
   424 | D        | Entered arena 7.
   424 | D        | Noticed a black bear
   424 | D        | Noticed a spriggan
   424 | D        | Noticed a spriggan
   424 | D        | Noticed a spriggan
   424 | D        | Noticed a black bear
   424 | D        | Noticed a black bear
   430 | D        | Killed a black bear
   430 | D        | Received a gift from Trog
   432 | D        | Killed a black bear
   435 | D        | Killed a spriggan
   435 | D        | Reached XP level 9. HP: 85/90 MP: 9/9
   436 | D        | Killed a black bear
   442 | D        | Killed a spriggan
   445 | D        | Killed a spriggan
   474 | D        | Entered arena 8.
   474 | D        | Noticed a jelly
   474 | D        | Noticed a slime creature
   474 | D        | Noticed a jelly
   474 | D        | Noticed a jelly
   479 | D        | Killed a jelly
   480 | D        | Killed a jelly
   482 | D        | Killed a slime creature
   482 | D        | Received a gift from Trog
   482 | D        | Reached skill level 13 in Shields
   483 | D        | Killed a jelly
   486 | D        | Received a gift from Trog
   522 | D        | Got the ring of Igist {-Tele Str+6 Dex+4 Stlth+}
   534 | D        | Identified the Incunabulum of Displacement
   545 | D        | Entered arena 9.
   545 | D        | Noticed a giant frog
   545 | D        | Noticed a giant frog
   545 | D        | Noticed a crocodile
   545 | D        | Noticed a porcupine
   545 | D        | Noticed a yak
   545 | D        | Noticed an iguana
   545 | D        | Noticed a giant frog
   545 | D        | Noticed a giant frog
   548 | D        | Killed a giant frog
   551 | D        | Killed a giant frog
   553 | D        | Killed a porcupine
   554 | D        | Killed a giant frog
   554 | D        | Received a gift from Trog
   557 | D        | Killed a yak
   557 | D        | Reached skill level 10 in Long Blades
   562 | D        | Killed a giant frog
   573 | D        | Killed a crocodile
   573 | D        | Reached skill level 14 in Shields
   575 | D        | Killed an iguana
   594 | D        | Got the ring "Qibbokhu" {Dex+2 Stlth-}
   613 | D        | Entered arena 10.
   613 | D        | Noticed a spiny frog
   613 | D        | Noticed a crocodile
   613 | D        | Noticed a yak
   613 | D        | Noticed a giant frog
   613 | D        | Noticed an iguana
   618 | D        | Killed an iguana
   619 | D        | Killed a yak
   621 | D        | Killed a spiny frog
   622 | D        | Killed a giant frog
   623 | D        | Received a gift from Trog
   629 | D        | Killed a crocodile
   712 | D        | Entered arena 11.
   712 | D        | Noticed a spriggan air mage
   712 | D        | Noticed a spriggan defender
   712 | D        | Noticed a spriggan air mage
   712 | D        | Noticed a spriggan druid
   712 | D        | Noticed a spriggan air mage
   713 | D        | Noticed a thorn hunter
   713 | D        | Noticed a spriggan berserker
   713 | D        | Noticed a spriggan defender
   714 | D        | Noticed a black mamba
   714 | D        | Noticed a spriggan berserker
   715 | D        | Noticed a death yak
   723 | D        | Killed a spriggan berserker
   723 | D        | Reached XP level 10. HP: 101/101 MP: 10/10
   724 | D        | Killed a spriggan defender
   731 | D        | Killed a black mamba
   731 | D        | Received a gift from Trog
   737 | D        | Killed a spriggan air mage
   737 | D        | Reached skill level 15 in Long Blades
   737 | D        | Killed a spriggan druid
   738 | D        | Killed a spriggan air mage
   738 | D        | Received a gift from Trog
   738 | D        | Reached skill level 16 in Long Blades
   741 | D        | Killed a spriggan berserker
   741 | D        | Reached skill level 17 in Long Blades
   741 | D        | Reached XP level 11. HP: 36/111 MP: 11/11
   743 | D        | Killed a spriggan defender
   743 | D        | Reached skill level 15 in Fighting
   744 | D        | Killed a spriggan air mage
   744 | D        | Reached skill level 18 in Long Blades
   751 | D        | Killed a thorn hunter
   751 | D        | Reached skill level 19 in Long Blades
   751 | D        | Reached skill level 10 in Armour
   786 | D        | Identified the Catalogue of the Dusty Frostbite
  1040 | D        | Entered arena 12.
  1040 | D        | Noticed a spriggan air mage
  1040 | D        | Noticed an apis
  1040 | D        | Noticed a spriggan druid
  1040 | D        | Noticed a wind drake
  1040 | D        | Noticed a shambling mangrove
  1041 | D        | Noticed a spriggan berserker
  1042 | D        | Noticed a spriggan rider
  1042 | D        | Noticed a shambling mangrove
  1042 | D        | Noticed a spriggan berserker
  1044 | D        | Noticed a death yak
  1044 | D        | Noticed a shambling mangrove
  1047 | D        | Killed a spriggan berserker
  1050 | D        | Killed a spriggan air mage
  1050 | D        | Received a gift from Trog
  1051 | D        | Killed a spriggan druid
  1053 | D        | Killed a spriggan berserker
  1053 | D        | Reached skill level 20 in Long Blades
  1056 | D        | Killed a shambling mangrove
  1056 | D        | Killed a wind drake
  1059 | D        | Slain by a spriggan rider

Action                   |  1- 3 |  4- 6 |  7- 9 | 10-12 || total
-------------------------+-------+-------+-------+-------++-------
Melee: Double sword      |    12 |    16 |    76 |    33 ||   137
Invok: Berserk           |     1 |     1 |     4 |     1 ||     7
       Brothers in Arms  |       |       |     5 |     1 ||     6
       Trog's Hand       |       |       |       |     1 ||     1
Evoke: Fan of gales      |       |     1 |       |       ||     1
       Disc of storms    |       |       |       |     1 ||     1
       Sack of spiders   |       |       |       |     1 ||     1
  Use: Potion            |     1 |       |       |     2 ||     3
       Scroll            |       |       |     6 |       ||     6
  Eat: Bread ration      |     1 |       |     1 |     2 ||     4
